 Dungeon Sprint DCSS version 0.17-a0-1637-g5d65775 (webtiles) character file.

83 nuthulu the Cudgeler (level 4, -10/48 HPs)
             Began as a Troll Berserker on Aug 7, 2015.
             Was a Priest of Trog.
             Mangled by a water elemental (19 damage)
             ... in the Dungeon (Sprint III: "The Ten Rune Challenge").
             The game lasted 00:01:31 (230 turns).

nuthulu the Cudgeler (Troll Berserker)               Turns: 230, Time: 00:01:31

Health: -10/48     AC:  6    Str: 25    XL:     4   Next: 22%
Magic:  3/3        EV: 11    Int:  3    God:    Trog [***...]
Gold:   18         SH:  0    Dex: 10    Spells: 0 memorised, 3 levels left

rFire  . . .     SeeInvis .     a - +0 mace
rCold  . . .     Clarity  .     b - +0 animal skin
rNeg   . . .     SustAt   .     (no shield)
rPois  .         Gourm    +     (helmet restricted)
rElec  .         Spirit   .     o - +0 cloak
rCorr  .         Warding  .     (gloves unavailable)
rMut   .         NoTele   +     (boots unavailable)
MR     .....                    (no amulet)
Stlth  +.........               (no ring)
                                (no ring)

@: engulfed (cannot breathe), not resistant to hostile enchantments, very
unstealthy
A: unfitting armour, claws 3, fast metabolism 3, gourmand, regeneration 2,
shaggy fur 1, tough skin 2
a: Burn Spellbooks, Berserk, Trog's Hand, Renounce Religion


You were in the Dungeon.
You worshipped Trog.
Trog was most pleased with you.
You were not hungry.

You visited 1 branch You collected 18 gold pieces.

Inventory:

Hand weapons
 a - a +0 mace (weapon)
Armour
 b - a +0 animal skin (worn)
 o - a +0 cloak (worn)
Magical devices
 m - a wand of magic darts (35)
Scrolls
 i - a scroll of blinking
 l - 4 scrolls of remove curse
 p - a scroll of immolation {unknown}
 u - a scroll of torment {unknown}
Potions
 d - a potion of curing
 f - a potion of haste
 g - 2 potions of magic
 h - a potion of berserk rage
 j - a potion of lignification
 k - 2 potions of mutation
 n - a potion of might {unknown}
 s - 2 potions of cure mutation
 t - 4 potions of flight
 v - a potion of agility {unknown}
Comestibles
 c - 3 bread rations
 r - a royal jelly


   Skills:
 + Level 4.1 Fighting
 + Level 4.5 Maces & Flails
 + Level 3.3 Armour
 + Level 4.2 Dodging


You had 3 spell levels left.
You didn't know any spells.

Dungeon Overview and Level Annotations

Branches:
Dungeon (1/1)

Altars:


Innate Abilities, Weirdness & Mutations

You are too large for most types of armour.
You have claws for hands.
Your metabolism is lightning-fast.
You like to eat raw meat.
You heal very quickly.
You are covered in fur (AC +1).
You have very tough skin (AC +2).


Message History

You hit the water elemental but do no damage.
The water elemental is almost destroyed.
Your lungs strain for air!
The water elemental closely misses you.
You hit the water elemental but do no damage.
The water elemental is almost destroyed.
* * * LOW HITPOINT WARNING * * *
Your lungs strain for air!
The water elemental hits you.
You closely miss the water elemental.
The water elemental is almost destroyed.
* * * LOW HITPOINT WARNING * * *
Your lungs strain for air!
The water elemental closely misses you.
Drink which item? (? for menu, Esc to quit)
You feel much better.
* * * LOW HITPOINT WARNING * * *
Your lungs strain for air!
The water elemental hits you!!
You die...

▓▓▓▓▓▓▓▓ ▓▓▓ <..#...####
##.# ...#......#####..#
..##..÷....#..#..#
##.##.##...#..#..# #+#+#
##.##.###..##'#..#......
#.####.##..###..@E.⌠....
.###..##.[####...#...###
#.....##..###....# ⌠.#
###..##...##.....# .#
##..##....#......# #
#..###..##.#..)..# #..#
#.. ####....# ▓▓▓▓ ▓▓▓
▓▓▓▓▓▓


You could see a water elemental.

Vanquished Creatures
  Crazy Yiuf (D)
  Jessica (D)
  A human (D)
  2 oozes (D)
  A rat (D)
6 creatures vanquished.

Vanquished Creatures (others)
  2 draconian scorchers (D)
  2 yaktaurs (D)
4 creatures vanquished.

Grand Total: 10 creatures vanquished

Notes
Turn   | Place    | Note
--------------------------------------------------------------
     0 | D        | nuthulu the Troll Berserker began the quest for the Orb.
     0 | D        | Reached XP level 1. HP: 22/22 MP: 0/0
    12 | D        | Reached skill level 3 in Maces & Flails
    12 | D        | Reached skill level 1 in Armour
    17 | D        | Acquired Trog's second power
    17 | D        | Reached XP level 2. HP: 29/29 MP: 1/1
    29 | D        | Killed a yaktaur
    49 | D        | Noticed Jessica
    61 | D        | Killed Jessica
    61 | D        | Reached XP level 3. HP: 37/37 MP: 2/2
   100 | D        | Reached skill level 4 in Maces & Flails
   100 | D        | Killed a yaktaur
   150 | D        | Noticed Crazy Yiuf
   155 | D        | Killed Crazy Yiuf
   155 | D        | Reached XP level 4. HP: 29/48 MP: 3/3
   168 | D        | Killed a white draconian scorcher
   181 | D        | Killed a white draconian scorcher
   219 | D        | Noticed a water elemental
   229 | D        | HP: 1/48 [drowned by a water elemental (9)]
   230 | D        | Mangled by a water elemental

Vault maps used:
D:        dungeon_sprint_mu

Action                   |  1- 3 |  4- 6 || total
-------------------------+-------+-------++-------
Melee: Mace              |    31 |     9 ||    40
Invok: Berserk           |     2 |       ||     2
  Use: Scroll            |       |     3 ||     3
       Potion            |       |     1 ||     1
  Eat: Chunk             |       |     4 ||     4
